 Dungeon Crawl Stone Soup version 0.18.1-8-gdd0e5ea (webtiles) character file.

5770 Marenglen the Basher (level 10, -3/132 HPs)
             Began as a Troll Arcane Marksman on May 23, 2016.
             Was an Initiate of Ru.
             Killed by divine providence
             ... invoked by an orc priest
              (10 damage)
             ... on level 9 of the Dungeon.
             The game lasted 00:36:37 (9831 turns).

Marenglen the Basher (Troll Arcane Marksman)        Turns: 9831, Time: 00:36:38

Health: -3/132     AC: 30    Str: 21    XL:     10   Next: 49%
Magic:  10/10      EV:  1    Int:  7    God:    Ru [......]
Gold:   205        SH:  0    Dex: 12    Spells: 2 memorised, 8 levels left

rFire  . . .     SeeInvis +     b - +1 flail (protect)
rCold  . . .     Gourm    +     (armour currently unavailable)
rNeg   + + +     Faith    .     (no shield)
rPois  +         Spirit   .     (helmet currently unavailable)
rElec  .         Dismiss  .     (cloak currently unavailable)
rCorr  .         Reflect  .     (gloves unavailable)
SustAt .         Harm     .     (boots unavailable)
MR     .....     NoTele   +     s - amulet of regeneration
Stlth  ++........               q - ring of see invisible
                                n - ring of stealth

@: lethally poisoned (-3 -> -3), tree-form (expiring), slowed, very slow, not
resistant to hostile enchantments, unstealthy
A: unfitting armour, (claws 0), (horns 0), blurry vision 1, (cold resistance 0),
dopey 1, fast metabolism 3, gourmand, regeneration 2, (shaggy fur 0), (tough
skin 0)
a: Renounce Religion


You were on level 9 of the Dungeon.
You worshipped Ru.
Ru was noncommittal.
You were not hungry.
You were a tree.
You visited 2 branches of the dungeon, and saw 10 of its levels.

You collected 447 gold pieces.
You spent 242 gold pieces at shops.

Inventory:

Hand Weapons
 a - a +3 flail of holy wrath
 b - a +1 flail of protection (weapon)
 h - a +1 club
Missiles
 t - 36 poisoned needles
 u - 2 tomahawks
 y - 2 large rocks (quivered)
Jewellery
 n - a ring of stealth (left branch)
 q - a ring of see invisible (right branch)
 s - an amulet of regeneration (around neck)
Wands
 A - a wand of acid (6/15)
 C - a wand of confusion (0/48)
Scrolls
 c - a scroll of vulnerability
 j - a scroll of amnesia
 l - 6 scrolls of remove curse
 v - 2 scrolls of magic mapping
Potions
 e - 4 potions of brilliance
 w - 2 potions of magic
Books
 k - a book of Annihilations

   Spells                             Type                      Level
   a - Poison Arrow                   Conjuration/Poison           6
   b - Chain Lightning                Conjuration/Air              8
   c - Lehudib's Crystal Spear        Conjuration/Earth            8
   d - Glaciate                       Conjuration/Ice              9
   e - Fire Storm                     Conjuration/Fire             9
 x - a book of Debilitation

   Spells                             Type                      Level
   a - Corona                         Hexes                        1
   b - Slow                           Hexes                        2
   c - Gell's Gravitas                Hexes/Translocation          3
   d - Inner Flame                    Hexes/Fire                   3
   e - Cause Fear                     Hexes                        4
   f - Leda's Liquefaction            Hexes/Earth                  4
Comestibles
 d - 2 fruits
 f - 6 bread rations
 m - 6 meat rations
 p - 2 slices of pizza


   Skills:
 - Level 2.6 Fighting
 - Level 8.5 Maces & Flails
 - Level 6.0 Throwing
 + Level 6.9 Dodging
 - Level 1.0 Spellcasting
 + Level 5.2 Hexes


You had 8 spell levels left.
You knew the following spells:

 Your Spells              Type           Power        Failure   Level  Hunger
a - Corona                Hex            #......      6%          1    ##.....
b - Slow                  Hex            #.......     10%         2    ###....


Dungeon Overview and Level Annotations

Branches:
Dungeon (9/15)             Temple (1/1) D:6
   Lair: D:8-11         Orc: D:9-12

Altars:
Ashenzari
Cheibriados
Dithmenos
Elyvilon
Fedhas
Kikubaaqudgha
Nemelex Xobeh
Okawaru
Pakellas
Qazlal
Ru
Trog
Xom
Yredelemnul
Zin
The Shining One

Shops:
D:8 }

Annotations:
D:3 Marenglen's ghost, amateur TrAM
D:4 Purgy
D:8 exclusion: orc priest, Arantyr's ghost, novice CeHu
D:9 Erica; Erolcha


Innate Abilities, Weirdness & Mutations

You are too large for most types of armour.
((You have claws for hands.))
Your metabolism is lightning-fast.
You like to eat raw meat.
You heal very quickly.
((You are covered in fur (AC +1).))
((You have very tough skin (AC +2).))
((You have a pair of small horns on your head.))
Scrolls take you a little longer to read.
((Your flesh is cold resistant.))
You are dopey. (Int -2)


Message History

Erica hits you with a scimitar of flaming.
* * * LOW HITPOINT WARNING * * *
Erica burns you.
* * * LOW HITPOINT WARNING * * *
Unknown command.
You barely miss the scorpion.
Your transformation is almost over.
You feel sick. The scorpion completely misses you.
The orc priest hits you but does no damage.
Erica hits you but does no damage. The scorpion stings you.
* * * LOW HITPOINT WARNING * * *
Unknown command.
You hit the scorpion but do no damage.
You feel sick.
The orc priest hits you but does no damage.
Erica hits you but does no damage.
The scorpion stings you but does no damage.
The iguana hisses menacingly.
The orc priest invokes the aid of Beogh against you.
Beogh smites you!
You die...

# .# #. .### .# #....
.# ##.... .####### #
...# ......##.. ..##
o§#.....# ..##########
##)†§..# ..........>#
#)♣s#
####.....#.####@####.#
#####.(.....%§.....> #
###..........####... #
##...#####....#
###..### ####.# #...##
#$# #...#### #..
.......## ###.


You could see Erica, a scorpion and an orc priest.

Vanquished Creatures
  Prince Ribbit (D:7)
  Grinder (D:4)
  Sigmund (D:2)
  A hungry ghost (D:8)
  Grum (D:8)
  A steam dragon (D:9)
  Duvessa (D:5)
  4 orc warriors
  3 phantoms
  A sky beast (D:8)
  9 ogres
  3 wolves
  A centaur (D:7)
  A crocodile (D:8)
  Blork the orc (D:5)
  2 giant frogs
  2 scorpions
  Dowan (D:5)
  13 killer bees
  3 jellies
  3 wights (D:8)
  2 howler monkeys
  A vampire bat (D:4)
  A crimson imp (D:5)
  2 giant frog zombies
  A quasit (D:5)
  8 orc priests
  2 hounds
  10 orc wizards
  A giant frog skeleton (D:4)
  An iguana (D:3)
  Natasha (thrice) (D:2)
  7 worker ants
  2 killer bee zombies
  2 hound skeletons
  Robin (D:2)
  11 gnolls (D:4)
  8 adders
  3 shadow imps
  An adder zombie (D:5)
  An adder skeleton (D:4)
  2 worms
  4 dart slugs
  3 fire bats (D:4)
  6 giant geckos
  37 orcs
  2 spectral bats (D:4)
  A bat simulacrum (D:4)
  3 bat skeletons (D:4)
  A bat zombie (D:4)
  7 giant cockroaches
  22 goblins
  9 hobgoblins
  15 jackals
  3 quokkas
  3 ball pythons
  14 bats
  A giant gecko skeleton (D:4)
  4 giant newts
  6 kobolds
  5 rats
270 creatures vanquished.

Notes
Turn   | Place    | Note
--------------------------------------------------------------
     0 | D:1      | Marenglen the Troll Arcane Marksman began the quest for the Orb.
     0 | D:1      | Reached XP level 1. HP: 18/18 MP: 1/1
   372 | D:1      | Reached XP level 2. HP: 18/26 MP: 2/2
   944 | D:2      | Noticed Robin
   972 | D:2      | Reached XP level 3. HP: 29/32 MP: 3/3
   996 | D:1      | Reached skill level 1 in Maces & Flails
  1030 | D:1      | Learned a level 2 spell: Slow
  1122 | D:2      | Killed Robin
  1204 | D:2      | You fall through a shaft!
  1245 | D:2      | Reached skill level 2 in Maces & Flails
  1419 | D:2      | Noticed Natasha
  1451 | D:2      | Reached XP level 4. HP: 38/40 MP: 4/4
  1598 | D:2      | Killed Natasha
  1608 | D:2      | Noticed Natasha
  1727 | D:2      | Killed Natasha
  1727 | D:2      | Reached skill level 3 in Maces & Flails
  1815 | D:2      | Noticed Natasha
  1816 | D:2      | Killed Natasha
  1816 | D:2      | Reached XP level 5. HP: 46/46 MP: 5/5
  1832 | D:2      | Noticed Sigmund
  1851 | D:2      | Killed Sigmund
  1851 | D:2      | Reached skill level 5 in Maces & Flails
  1851 | D:2      | Reached XP level 6. HP: 23/54 MP: 4/6
  2594 | D:3      | Noticed Marenglen's ghost (amateur TrAM)
  2882 | D:5      | Entered Level 5 of the Dungeon
  3224 | D:5      | Reached XP level 7. HP: 61/61 MP: 7/7
  3429 | D:5      | Reached skill level 6 in Maces & Flails
  3489 | D:5      | Noticed Blork the orc
  3504 | D:5      | Killed Blork the orc
  3655 | D:5      | Noticed Duvessa
  3656 | D:5      | Noticed Dowan
  3716 | D:4      | Noticed Grinder
  3728 | D:4      | Paralysed by Grinder for 6 turns
  3740 | D:4      | Paralysed by Grinder for 3 turns
  3748 | D:4      | Paralysed by Grinder for 7 turns
  3757 | D:4      | Killed Grinder
  3884 | D:4      | Reached XP level 8. HP: 41/68 MP: 8/8
  4095 | D:4      | Noticed Purgy
  4160 | D:4      | Reached skill level 7 in Maces & Flails
  4484 | D:4      | Reached skill level 5 in Throwing
  4820 | D:5      | Killed Duvessa
  4830 | D:5      | Killed Dowan
  5180 | D:5      | Reached skill level 1 in Fighting
  5180 | D:5      | Reached skill level 8 in Maces & Flails
  5295 | D:6      | Found a shimmering altar of Xom.
  5576 | D:6      | Reached XP level 9. HP: 76/76 MP: 9/9
  5639 | D:6      | Found a staircase to the Ecumenical Temple.
  5682 | Temple   | Entered the Ecumenical Temple
  5871 | Temple   | Became a worshipper of Ru the Awakened
  6348 | D:6      | Found a white marble altar of Elyvilon.
  6735 | D:7      | Found an ancient bone altar of Kikubaaqudgha.
  6900 | D:7      | Noticed Prince Ribbit
  6911 | D:7      | Killed Prince Ribbit
  7320 | D:7      | Found a sparkling altar of Nemelex Xobeh.
  7378 | D:7      | Reached skill level 5 in Dodging
  7529 | D:8      | Noticed Grum
  7546 | D:8      | Found Umideph's Gadget Shoppe.
  7549 | D:8      | Bought a wand of acid (7/15) for 242 gold pieces
  7690 | D:8      | Killed Grum
  7995 | D:8      | Noticed Arantyr's ghost (novice CeHu)
  8244 | D:8      | Reached XP level 10. HP: 85/88 MP: 10/10
  8566 | D:9      | Found a shadowy altar of Dithmenos.
  8617 | D:9      | Noticed Erolcha
  8699 | D:8      | Found a snail-covered altar of Cheibriados.
  9427 | D:8      | Reached skill level 5 in Hexes
  9806 | D:9      | Noticed Erica
  9816 | D:9      | Gained mutation: You are dopey. (Int -2) [potion of mutation]
  9816 | D:9      | Gained mutation: Your magical capacity is low (-10% MP). [potion of mutation]
  9816 | D:9      | Gained mutation: Scrolls take you a little longer to read. [potion of mutation]
  9817 | D:9      | Lost mutation: Your magical capacity is low (-10% MP). [potion of mutation]
  9817 | D:9      | Gained mutation: You have a pair of small horns on your head. [potion of mutation]
  9817 | D:9      | Gained mutation: Your flesh is cold resistant. [potion of mutation]
  9831 | D:9      | Killed from afar by an orc priest

Skill      XL: |  1  2  3  4  5  6  7  8  9 10 |
---------------+-------------------------------+-----
Maces & Flails | 2 3 5 6 8 |  8.5
Throwing       | 2 4 6 |  6.0
Fighting       | 1 2 |  2.6
Dodging        | 2 5 6 |  6.9
Hexes          | 4 5 |  5.2
Spellcasting   | |  1.0

Action                   |  1- 3 |  4- 6 |  7- 9 | 10-12 || total
-------------------------+-------+-------+-------+-------++-------
Melee: Unarmed           |    30 |       |       |       ||    30
       Club              |   143 |   166 |    24 |       ||   333
       Mace              |    11 |       |       |       ||    11
       Flail             |       |       |   490 |   247 ||   737
Throw: Large rock        |       |    22 |    51 |     4 ||    77
       Throwing net      |       |     2 |     4 |       ||     6
       Tomahawk          |       |       |    14 |     3 ||    17
 Cast: Corona            |       |     8 |     8 |     7 ||    23
       Slow              |       |       |     9 |     7 ||    16
Invok: Reject Sacrifices |       |       |     1 |       ||     1
Evoke: Wand              |       |       |     8 |     1 ||     9
  Use: Scroll            |     8 |     4 |     6 |     6 ||    24
       Potion            |     1 |     1 |     6 |     5 ||    13
 Stab: Distracted        |     1 |       |       |     1 ||     2
       Held in net/web   |       |     1 |     2 |       ||     3
       Sleeping          |       |       |     5 |     1 ||     6
  Eat: Chunk             |    19 |    17 |    49 |    17 ||   102
       Pizza             |       |       |       |     1 ||     1
       Beef jerky        |       |       |       |     1 ||     1
Armor: Skin              |    65 |    56 |   199 |   184 ||   504
Dodge: Dodged            |    92 |   102 |   334 |   158 ||   686
